 Dungeon Crawl Stone Soup version 0.29-a0-878-g7b45a56547 (webtiles) character file.

Game seed: 10413467168592671074

153356 zeratav the Devastator (level 17, -1/154 HPs)
             Began as an Octopode Venom Mage on July 20, 2022.
             Was an Initiate of Gozag.
             Killed from afar by a deep elf pyromancer (11 damage)
             ... with a bolt of fire
             ... on level 2 of the Elven Halls.
             The game lasted 01:46:06 (38499 turns).

zeratav the Devastator (Octopode Venom Mage)       Turns: 38499, Time: 01:46:06

Health: -1/154     AC: 37    Str: 13    XL:     17   Next: 60%
Magic:  36/36      EV: 22    Int: 37    God:    Gozag
Gold:   2126       SH:  6    Dex: 11    Spells: 2/30 levels left

rFire   . . .      SeeInvis .     - Unarmed
rCold   . . .      Faith    .   u - +0 kite shield
rNeg    + + .      Spirit   .   (helmet restricted)
rPois   ∞          Reflect  .   X - amulet of the Four Winds {rN+ Will+++ Clar}
rElec   +          Harm     .   h - ring of magical power
rCorr   .          Rampage  .   t - +4 ring of evasion
Will    +++++      Clarity  +   v - +6 ring of strength
Stlth   ++++......              P - +6 ring of intelligence
HPRegen 0.35/turn               y - +4 ring of protection
MPRegen 0.25/turn               q - +4 ring of evasion
                                Q - ring of Hakoixza {Wiz Will+}
                                R - +6 ring of intelligence

@: statue-form, gold aura, studying 2 skills, very slow
A: slow and powerful, torment resistance 1, boosted hp, almost no armour,
amphibious, 8 rings, camouflage 1, (gelatinous body 1), (nimble swimmer 1),
tentacles, tentacle spike 1, clumsy 1, noise suppression
a: End Transformation, Renounce Religion, Potion Petition, Call Merchant, Bribe
Branch


You were on level 2 of the Elven Halls.
You worshipped Gozag.
Gozag was most pleased with you.
You were a living statue of rough stone.
You visited 4 branches of the dungeon, and saw 24 of its levels.
You visited 1 bazaar.

You collected 9238 gold pieces.
You spent 6378 gold pieces at shops.
You paid 734 gold pieces to Gozag.


Innate Abilities, Weirdness & Mutations

You are a living statue of rough stone.
Your actions are slow, but your melee attacks are powerful.
You are resistant to unholy torment.
Your maximum health is greatly increased.
You are immune to poison.
You cannot wear most types of armour.
You are amphibious.
You can wear up to eight rings at the same time.
Your skin changes colour to match your surroundings (Stealth+).
((Your rubbery body absorbs attacks. (AC +1, EV +1)))
((You are camouflaged when in or above water. (Stealth+)))
You have tentacles for arms and can constrict up to eight enemies at once.
One of your tentacles bears a spike.
You are clumsy. (Dex -2)
You passively dampen the noise of your surroundings.


   Skills:
 - Level 12.0 Fighting
 - Level 12.0 Dodging
 - Level 5.0 Stealth
 - Level 3.0 Unarmed Combat
 - Level 7.0 Spellcasting
 - Level 15.0 Conjurations
 - Level 10.0 Necromancy
 + Level 14.2 Transmutations
 - Level 15.0 Earth Magic
 - Level 10.0 Poison Magic


You had 2 spell levels left.
You knew the following spells:

 Your Spells              Type           Power      Damage    Failure   Level
a - Borgnjor's Vile Clut  Necr/Erth      40%        N/A       1%          5
b - Poisonous Vapours     Pois/Air       98%        N/A       1%          2
c - Olgreb's Toxic Radia  Pois           72%        N/A       1%          4
d - Stone Arrow           Conj/Erth      100%       3d13      1%          3
e - Sting                 Tmut/Pois      100%       1d8       1%          1
f - Blink                 Tloc           24%        N/A       6%          2
g - Lee's Rapid Deconstr  Erth           44%        3d22*     1%          5
h - Statue Form           Tmut/Erth      58%        N/A       1%          6

Your spell library contained the following spells:

 Spells                   Type           Power      Damage    Failure   Level
 Shock                    Conj/Air       100%       1d9       1%          1
 Mephitic Cloud           Conj/Pois/Air  65%        N/A       1%          3
 Leda's Liquefaction      Hex/Erth       31%        N/A       1%          4
 Death Channel            Necr           36%        N/A       11%         6
 Lesser Beckoning         Tloc           12%        N/A       13%         3
 Swiftness                Air            12%        N/A       13%         3
 Conjure Ball Lightning   Conj/Air       31%        3x3d10    28%         6
 Airstrike                Air            6%         0-3+      38%         4
 Summon Ice Beast         Ice/Summ       12%        N/A       38%         4
 Lehudib's Crystal Spear  Conj/Erth      44%        10d11     50%         8
 Manifold Assault         Tloc           12%        N/A       71%         5
 Discord                  Hex            6%         N/A       100%        8
 Disjunction              Tloc           6%         N/A       100%        8
 Chain Lightning          Conj/Air       31%        3d41      100%        9
 Animate Armour           Summ/Erth      Unusable   N/A       N/A         4
 Animate Dead             Necr           Unusable   N/A       N/A         4

Inventory:

Hand Weapons
 I - the +5 falchion of Bloodstone {holy, rF+, long}
   (You found it on level 10 of the Dungeon)

   It has been blessed by the Shining One to cause great damage to the undead
   and demons.
   rF:        It protects you from fire.
Armour
 u - a +0 kite shield (worn)
   (You took it off a gnoll sergeant on level 9 of the Dungeon)
 N - a +0 tower shield
   (You found it on level 1 of the Lair of Beasts)
Magical Staves
 l - a staff of earth {staff}
   (You found it on level 14 of the Dungeon)
Jewellery
 h - a ring of magical power (left tentacle)
   (You found it on level 1 of the Dungeon)
 i - a ring of see invisible
   (You bought it in a shop in a bazaar)
 m - a ring of positive energy
   (You found it on level 2 of the Dungeon)
 n - a ring of protection from fire
   (You took it off a centaur on level 14 of the Dungeon)
 q - a +4 ring of evasion (on tentacle)
   (You found it on level 12 of the Dungeon)
 t - a +4 ring of evasion (right tentacle)
   (You found it on level 3 of the Dungeon)
 v - a +6 ring of strength (on tentacle)
   (You bought it in a shop in a bazaar)
 y - a +4 ring of protection (on tentacle)
   (You found it on level 2 of the Lair of Beasts)
 B - a ring of poison resistance
   (You took it off a deep elf zephyrmancer on level 2 of the Elven Halls)
 K - a ring of resist corrosion
   (You found it on level 8 of the Dungeon)
 L - a ring of protection from fire
   (You found it on level 4 of the Lair of Beasts)
 P - a +6 ring of intelligence (on tentacle)
   (You bought it in a shop on level 2 of the Lair of Beasts)
 Q - the ring of Hakoixza (on tentacle) {Wiz Will+}
   (You bought it in a shop on level 2 of the Lair of Beasts)

   [ring of wizardry]

   It improves your spell success rate.
   Will:      It increases your willpower.
 R - a +6 ring of intelligence (on tentacle)
   (You bought it in a shop on level 2 of the Lair of Beasts)
 V - a ring of protection from fire
   (You found it on level 4 of the Lair of Beasts)
 X - the amulet of the Four Winds (around mantle) {rN+ Will+++ Clar}
   (You bought it in a shop on level 14 of the Dungeon)

   [amulet of nothing]

   rN:        It protects you from negative energy.
   Clar:      It protects you against confusion.
   Will:      It greatly increases your willpower.
Wands
 o - a wand of polymorph (13)
   (You took it off an orc priest on level 9 of the Dungeon)
 r - a wand of roots (16)
   (You found it on level 9 of the Dungeon)
 x - a wand of charming (22)
   (You found it on level 4 of the Dungeon)
 M - a wand of flame (38)
   (You found it on level 11 of the Dungeon)
 W - a wand of digging (2)
   (You found it on level 4 of the Lair of Beasts)
Scrolls
 e - 6 scrolls of amnesia
 g - 3 scrolls of fog
 j - 6 scrolls of enchant armour
 s - 3 scrolls of immolation {!r!r}
 w - 12 scrolls of teleportation {@r4}
 z - 5 scrolls of poison {!r}
 F - 2 scrolls of vulnerability {!r!r}
 T - 2 scrolls of silence {!r}
 U - a scroll of summoning
 Y - 2 scrolls of fear
Potions
 a - 2 potions of magic
 b - 4 potions of haste {@q3}
 c - 13 potions of attraction {!q}
 f - 3 potions of brilliance
 k - 2 potions of mutation {!q}
 p - 2 potions of lignification {!q}
 A - a potion of cancellation
 D - 10 potions of ambrosia
 E - a potion of resistance
 G - 3 potions of flight
 H - 6 potions of curing {@q1}
 J - 3 potions of might
 S - 4 potions of berserk rage {!q}
 Z - a potion of invisibility
Miscellaneous
 O - a condenser vane
   (You found it on level 1 of the Elven Halls)

Dungeon Overview and Level Annotations

Branches:
Dungeon (15/15) Zot: 25112  Temple (0/1) D:7            Lair (5/5) D:11 Zot: 19630
  Swamp (0/4) Lair:3        Snake (0/4) Lair:2        Slime (0/5) Lair:4
    Orc (2/2) D:11 Zot: 8345     Elf (2/3) Orc:2 Zot: 7677  Vaults (0/5) D:14
 Depths (0/4) D:15

Altars:
Ashenzari
Cheibriados
Dithmenos
Elyvilon
Fedhas
Gozag
Makhleb
Nemelex Xobeh
Ru
Sif Muna
Trog
Xom
Zin
The Shining One

Shops:
D:6 (   D:11 :   D:14 =   Orc:2 [*:[   Elf:2 *   Lair:2 =

Annotations:
D:6 exclusion: downstairs
D:7 exclusions: steam dragon and wight, Joseph
D:9 exclusion: downstairs
Lair:1 exclusion: hydra

.......................#
.......................#
..............#.......##
......e......###.....##
.........)..## ##...##
..........### #####
........''#######
#.......'.......##
#......##.$8..⌠..##
#...... #..$......## #
......# #..........## #
.....# #...........## #
....# #.⌠..........# #
.... #............# #
##..........⌠# #
##..........# #
##.........#


You could see a deep elf pyromancer.


Message History

You grab the +2 flail of protection.
You constrict the +2 flail of protection, but do no damage.
The +0 dire flail of holy wrath hits you but does no damage.
The +0 halberd of venom closely misses you.
The +2 flail of protection hits you.
The +0 dire flail of holy wrath barely misses you.
The +0 halberd of venom hits you but does no damage.
The +2 flail of protection completely misses you.
The +0 dire flail of holy wrath hits you!
The +0 halberd of venom hits you from afar!
The +2 flail of protection hits you but does no damage.
HP[-28]
You take 28 damage, and now have 85/154 hp.
You bludgeon the +2 flail of protection!
The +2 flail of protection turns to gold and falls from the air.
The +0 dire flail of holy wrath completely misses you.
The +0 halberd of venom closely misses you.
The +0 dire flail of holy wrath hits you but does no damage.
The +0 halberd of venom hits you but does no damage.
You block the +0 dire flail of holy wrath's attack.
HP[+1]
You barely miss the +0 dire flail of holy wrath.
Your grab misses the +0 dire flail of holy wrath.
Your tentacle spike misses the +0 dire flail of holy wrath.
You squeeze the +0 dire flail of holy wrath!
You block the +0 dire flail of holy wrath's attack.
The +0 halberd of venom hits you but does no damage.
The +0 dire flail of holy wrath hits you but does no damage.
The +0 halberd of venom hits you but does no damage.
The +0 dire flail of holy wrath hits you but does no damage.
The +0 halberd of venom hits you from afar!
* * * LOW HITPOINT WARNING * * *
HP[-16]
You take 16 damage, and now have 70/154 hp.
You closely miss the +0 dire flail of holy wrath.
You grab the +0 dire flail of holy wrath.
You pierce the +0 dire flail of holy wrath.
You constrict the +0 dire flail of holy wrath, but do no damage.
The +0 dire flail of holy wrath hits you!
* * * LOW HITPOINT WARNING * * *
The +0 halberd of venom completely misses you.
The +0 dire flail of holy wrath hits you!
* * * LOW HITPOINT WARNING * * *
The +0 halberd of venom hits you from afar.
* * * LOW HITPOINT WARNING * * *
The +0 dire flail of holy wrath completely misses you.
HP[-28]
You take 28 damage, and now have 42/154 hp.
You bludgeon the +0 dire flail of holy wrath!
You pierce the +0 dire flail of holy wrath, but do no damage.
You squeeze the +0 dire flail of holy wrath.
You constrict the +0 dire flail of holy wrath, but do no damage.
The +0 halberd of venom hits you but does no damage.
You block the +0 dire flail of holy wrath's attack.
The +0 halberd of venom completely misses you.
The +0 dire flail of holy wrath hits you but does no damage.
The +0 halberd of venom hits you from afar!
* * * LOW HITPOINT WARNING * * *
HP[-10]
You take 10 damage, and now have 32/154 hp.
You bludgeon the +0 dire flail of holy wrath!
The +0 dire flail of holy wrath turns to gold and falls from the air.
The +0 halberd of venom completely misses you.
The +0 halberd of venom hits you from afar!
* * * LOW HITPOINT WARNING * * *
HP[-16]
You take 16 damage, and now have 16/154 hp.
The +0 halberd of venom completely misses you.
The +0 halberd of venom hits you but does no damage.
You see here 9 gold pieces.
You barely miss the +0 halberd of venom.
Your grab misses the +0 halberd of venom.
You pierce the +0 halberd of venom, but do no damage.
The +0 halberd of venom closely misses you.
The +0 halberd of venom is distracted by your dazzling golden aura.
HP[+1]
You tentacle-slap the +0 halberd of venom.
The +0 halberd of venom is no longer distracted by gold.
You grab the +0 halberd of venom.
You pierce the +0 halberd of venom, but do no damage.
You constrict the +0 halberd of venom, but do no damage.
The +0 halberd of venom hits you but does no damage.
The +0 halberd of venom hits you!
* * * LOW HITPOINT WARNING * * *
The +0 halberd of venom closely misses you.
HP[-8]
You take 8 damage, and now have 9/154 hp.
The deep elf pyromancer shouts!
You batter the +0 halberd of venom!!
You pierce the +0 halberd of venom, but do no damage.
You squeeze the +0 halberd of venom, but do no damage.
You constrict the +0 halberd of venom, but do no damage.
The +0 halberd of venom barely misses you.
The +0 halberd of venom hits you but does no damage.
You batter the +0 halberd of venom!!
The +0 halberd of venom turns to gold and falls from the air.
The deep elf pyromancer gestures at you while chanting.
The bolt of fire hits you!
You die...
Your body crumbles into a pile of gold.

Skill      XL: |  1  2  3  4  5  6  7  8  9 10 11 12 13 14 15 16 17 |
---------------+----------------------------------------------------+-----
Stealth        | 3 4 5 |  5.0
Poison Magic   | 4 5 7 9 10 | 10.0
Fighting       | 1 5 7 9 12 | 12.0
Dodging        | 5 7 9 12 | 12.0
Conjurations   | 3 7 9 10 13 15 | 15.0
Earth Magic    | 3 7 9 10 13 15 | 15.0
Necromancy     | 10 | 10.0
Spellcasting   | 7 |  7.0
Transmutations | 5 11 14 | 14.2
Unarmed Combat | 3 |  3.0

Action                   |  1- 3 |  4- 6 |  7- 9 | 10-12 | 13-15 | 16-18 || total
-------------------------+-------+-------+-------+-------+-------+-------++-------
Melee: Whip              |    24 |    10 |     4 |       |       |       ||    38
       Constrict         |    10 |     1 |    15 |    15 |    23 |    72 ||   136
       Tentacles         |     6 |     1 |    14 |    26 |    67 |   129 ||   243
       Staff             |     5 |     2 |    14 |    26 |    26 |       ||    73
       Kick              |       |     1 |    29 |    50 |   104 |   224 ||   408
       Spear             |       |       |     6 |       |       |       ||     6
       Short sword       |       |       |    47 |    53 |       |       ||   100
       Punch             |       |       |     1 |     2 |    10 |    16 ||    29
       Falchion          |       |       |       |    34 |     5 |       ||    39
       Unarmed           |       |       |       |       |   168 |   405 ||   573
 Cast: Sting             |    34 |    72 |    54 |    21 |     2 |     1 ||   184
       Poisonous Vapours |     3 |    14 |    18 |    45 |   110 |    15 ||   205
       Olgreb's Toxic Ra |       |     4 |    31 |    74 |   149 |    49 ||   307
       Stone Arrow       |       |       |       |    73 |   177 |    42 ||   292
       Borgnjor's Vile C |       |       |       |     1 |    89 |    19 ||   109
       Statue Form       |       |       |       |       |    17 |    46 ||    63
       Lee's Rapid Decon |       |       |       |       |     5 |     2 ||     7
       Blink             |       |       |       |       |     1 |     1 ||     2
Invok: Call Merchant     |       |       |       |     1 |       |       ||     1
 Abil: End Transformatio |       |       |       |       |     3 |     3 ||     6
Evoke: Wand              |       |     4 |       |     2 |     2 |     1 ||     9
  Use: Potion            |       |     7 |     5 |     2 |     4 |     2 ||    20
       Scroll            |       |       |    14 |     8 |     4 |     4 ||    30
 Stab: Sleeping          |     3 |       |     3 |       |     2 |     6 ||    14
       Distracted        |       |       |       |     1 |     2 |     2 ||     5
Armor: Skin              |     4 |     4 |     3 |    11 |   191 |   443 ||   656
Dodge: Dodged            |    33 |    50 |   100 |   179 |   346 |   719 ||  1427
Block: Buckler           |       |       |       |    20 |    51 |    65 ||   136
       Kite shield       |       |       |       |       |       |    77 ||    77

Levels and vault maps discovered:
D:1:      sevenhm_arrival_forest_fort_large_4, layout_basic
D:2:      layout_basic, uniq_sigmund
D:3:      minmay_roachtagon, layout_basic
D:4:      layout_cave_pods, mainiacjoe_overflow_two_lobes
D:5:      layout_rooms, uniq_eustachio
D:6:      layout_rooms, kennysheep_little_box,
          chequers_temple_overflow_statue_of_worship, serial_shops, shop,
          nicolae_kite_square_tiling_tiny
D:7:      layout_basic, nicolae_overflow_crystal_walls,
          minmay_temple_entry_statues_fountains, uniq_joseph, uniq_duvessa
D:8:      layout_cave_pods
D:9:      layout_roguey
D:10:     layout_cave_pods, minmay_overflow_temple_hex, fedhas_altar_2
D:11:     layout_long_grid, dpeg_oklobed_lair, nicolae_shop_self_help,
          uniq_josephine, uniq_erolcha, uniq_nergalle
D:12:     layout_loops_ring, disabler_island, uniq_psyche
D:13:     layout_roguey, zin_academy
D:14:     minmay_complete_graph, layout_rooms, david_vaults_3, serial_shops,
          nicolae_shop_hallway_stairs, tso_altar, hangedman_devilish_allure
D:15:     grunt_enter_depths_magical_seal, layout_loops_ring,
          serial_bayou_ford_a, uniq_rupert
Lair:1:   layout_cave_pods, grunt_megastairs_4
Lair:2:   layout_misc_corridors, guppyfry_snake_entry_island,
          grunt_forest_small_clearings
Lair:3:   layout_cave_pods, minmay_swamp_entry_eels, cheibrodos_lair_lostbears
Lair:4:   layout_regular_city, dpeg_slime_entry_enclosed
Lair:5:   grunt_lair_end_beastmaster, layout_layer_cave, grunt_megastairs_3,
          uniq_snorg
Orc:1:    layout_caves, special_room [special_room_bee]
Orc:2:    st_orc_mages, layout_caves
Elf:1:    eino_elf_arrival_sip, layout_gridlike, serial_shops, bzr_entry_road,
          minmay_elf_sorcery, minivault_26, uniq_aizul
Elf:2:    nicolae_elf_blades_crystal_corner, layout_geoelf_octagon, basic_altar,
          minmay_shop_mayhem

Notes
Turn   | Place    | Note
-------+----------+-------------------------------------------
     0 | D:1      | zeratav the Octopode Venom Mage began the quest for the
                  | Orb.
     0 | D:1      | Reached XP level 1. HP: 11/11 MP: 3/3
     0 | D:1      | magus.rc [v1.9.6]
   224 | D:1      | Reached skill level 3 in Stealth
   475 | D:1      | Reached XP level 2. HP: 15/17 MP: 5/5
   482 | D:1      | Reached skill level 4 in Poison Magic
  1151 | D:2      | Learned a level 2 spell: Poisonous Vapours
  1214 | D:2      | Reached XP level 3. HP: 21/21 MP: 6/6
  1217 | D:2      | Reached skill level 4 in Stealth
  1813 | D:3      | Reached XP level 4. HP: 20/27 MP: 7/7
  1966 | D:2      | Reached skill level 5 in Poison Magic
  2098 | D:2      | Noticed Sigmund
  2316 | D:3      | Reached skill level 5 in Stealth
  2709 | D:4      | Learned a level 4 spell: Olgreb's Toxic Radiance
  2990 | D:4      | You fall into a shaft and drop 1 floor!
  2990 | D:5      | Entered Level 5 of the Dungeon
  3030 | D:5      | Reached XP level 5. HP: 28/31 MP: 8/8
  3543 | D:4      | Reached skill level 6 in Poison Magic
  3675 | D:4      | Noticed a steam dragon
  3724 | D:4      | Found a sparkling altar of Nemelex Xobeh.
  3787 | D:4      | Found a burning altar of Makhleb.
  4163 | D:5      | Noticed a black bear
  4255 | D:5      | Noticed Eustachio
  4302 | D:5      | Reached skill level 7 in Poison Magic
  4302 | D:5      | Reached XP level 6. HP: 26/36 MP: 9/9
  4550 | D:5      | Gained mutation: You passively dampen the noise of your
                  | surroundings. [potion of mutation]
  4550 | D:5      | Gained mutation: You are clumsy. (Dex -2) [potion of
                  | mutation]
  4550 | D:5      | Gained mutation: One of your tentacles bears a spike.
                  | [potion of mutation]
  4552 | D:5      | HP: 6/36 [phantom (7)]
  4556 | D:5      | Reached skill level 8 in Poison Magic
  4699 | D:5      | Killed a black bear
  4700 | D:5      | Reached skill level 9 in Poison Magic
  4700 | D:5      | Reached XP level 7. HP: 41/41 MP: 7/10
  4704 | D:5      | Killed Eustachio
  5079 | D:5      | Reached skill level 10 in Poison Magic
  5292 | D:5      | Reached skill level 1 in Fighting
  5292 | D:5      | Reached XP level 8. HP: 48/48 MP: 11/11
  5428 | D:6      | Reached skill level 2 in Fighting
  5428 | D:6      | Reached skill level 3 in Dodging
  5792 | D:2      | Killed Sigmund
  5793 | D:2      | Reached skill level 3 in Fighting
  5793 | D:2      | Reached skill level 4 in Dodging
  5956 | D:2      | A - a +0 quick blade {shortrare=g}
  5957 | D:2      | You drop a +0 quick blade {shortrare=g}.
  6057 | D:6      | Found an opulent altar of Gozag.
  6057 | D:6      | Found a snail-covered altar of Cheibriados.
  6064 | D:6      | Became a worshipper of Gozag Ym Sagoz the Greedy
  6171 | D:6      | Reached skill level 4 in Fighting
  6302 | D:6      | Reached skill level 5 in Dodging
  6387 | D:6      | Reached skill level 5 in Fighting
  6387 | D:6      | Reached XP level 9. HP: 49/61 MP: 3/12
  6661 | D:6      | Found a glowing silver altar of Zin.
  6726 | D:6      | Identified the +2 ring mail of the Stallion {+Blink rC+
                  | rCorr}
  6778 | D:6      | Found Syfecsop's Antique Weapon Shop.
  6953 | D:7      | Noticed Joseph
  6987 | D:7      | Reached skill level 6 in Dodging
  7144 | D:7      | You pick up a book of Armaments and begin reading...
  7144 | D:7      | You add the spells Stone Arrow and Lehudib's Crystal Spear
                  | to your library.
  7171 | D:7      | Noticed Duvessa
  7171 | D:7      | Noticed Dowan
  7175 | D:7      | Killed Dowan
  7182 | D:7      | Killed Duvessa
  7297 | D:7      | Found a glowing golden altar of the Shining One.
  7342 | D:7      | Reached skill level 6 in Fighting
  7431 | D:7      | You pick up a book of Unlife and begin reading...
  7431 | D:7      | You add the spells Borgnjor's Vile Clutch and Death Channel
                  | to your library.
  7592 | D:7      | Found a staircase to the Ecumenical Temple.
  8759 | D:8      | Identified the +2 leather armour "Plog" {Will+ Int+3}
  8971 | D:8      | Reached skill level 7 in Dodging
  9103 | D:8      | Reached skill level 7 in Fighting
  9397 | D:8      | Reached skill level 1 in Conjurations
  9397 | D:8      | Reached skill level 1 in Earth Magic
  9599 | D:9      | You pick up a book of Spatial Translocations and begin
                  | reading...
  9599 | D:9      | You add the spells Blink, Lesser Beckoning and Manifold
                  | Assault to your library.
  9627 | D:9      | Noticed a kobold demonologist
  9628 | D:9      | Noticed a kobold demonologist
  9631 | D:9      | Noticed a soul eater
  9631 | D:9      | Killed a kobold demonologist
  9632 | D:9      | Reached skill level 2 in Conjurations
  9632 | D:9      | Reached skill level 2 in Earth Magic
  9633 | D:9      | Noticed a rust devil
  9635 | D:9      | Reached skill level 3 in Conjurations
  9635 | D:9      | Reached skill level 3 in Earth Magic
  9635 | D:9      | Reached XP level 10. HP: 69/71 MP: 10/13
  9636 | D:9      | Killed a kobold demonologist
  9637 | D:9      | Reached skill level 4 in Conjurations
  9637 | D:9      | Reached skill level 4 in Earth Magic
 10002 | D:9      | Reached skill level 5 in Conjurations
 10002 | D:9      | Reached skill level 5 in Earth Magic
 10448 | D:9      | Reached skill level 6 in Conjurations
 10448 | D:9      | Reached skill level 6 in Earth Magic
 10612 | D:10     | Entered Level 10 of the Dungeon
 10916 | D:10     | Reached skill level 7 in Conjurations
 10916 | D:10     | Reached skill level 7 in Earth Magic
 11025 | D:10     | Reached XP level 11. HP: 75/75 MP: 14/14
 11610 | D:10     | Found a broken altar of Ashenzari.
 11612 | D:10     | Found a shadowy altar of Dithmenos.
 11612 | D:10     | Found a sacrificial altar of Ru.
 11612 | D:10     | Found a white marble altar of Elyvilon.
 11618 | D:10     | Found a bloodstained altar of Trog.
 11618 | D:10     | Found a shimmering altar of Xom.
 11894 | D:10     | Found a blossoming altar of Fedhas.
 11907 | D:10     | Identified the +5 falchion of Bloodstone {holy, rF+}
 11945 | D:10     | magus.rc [v1.9.6]
 12015 | D:11     | Identified a +2 robe of the Archmagi
 12015 | D:11     | Noticed Nergalle
 12148 | D:10     | HP: 14/75 [wraith[Josephine] (8)]
 12197 | D:10     | Learned a level 3 spell: Stone Arrow
 12354 | D:11     | Found Unatruong's Self-Improvement Boutique.
 12354 | D:11     | Noticed Josephine
 12380 | D:11     | Killed Josephine
 12381 | D:11     | Reached skill level 8 in Conjurations
 12381 | D:11     | Reached skill level 8 in Earth Magic
 12648 | D:11     | Noticed an oklob plant
 12651 | D:11     | Found a staircase to the Lair.
 12682 | D:11     | Killed an oklob plant
 12778 | D:11     | Killed Nergalle
 12922 | D:11     | Noticed Erolcha
 12961 | D:11     | Killed Erolcha
 13050 | D:11     | Noticed a two-headed ogre
 13073 | D:11     | Killed a two-headed ogre
 13074 | D:11     | Reached skill level 9 in Conjurations
 13074 | D:11     | Reached skill level 9 in Earth Magic
 13193 | D:11     | Found a staircase to the Orcish Mines.
 13762 | Lair:1   | Entered Level 1 of the Lair of Beasts
 14546 | Lair:1   | Noticed a four-headed hydra
 14561 | Lair:1   | HP: 17/75 [blink frog (11)]
 14579 | Lair:1   | HP: 13/75 [blink frog (16)]
 14581 | Lair:1   | Reached XP level 12. HP: 16/81 MP: 15/15
 14707 | Lair:1   | Reached skill level 10 in Conjurations
 14707 | Lair:1   | Reached skill level 10 in Earth Magic
 14707 | Lair:1   | Reached skill level 1 in Necromancy
 15106 | Lair:1   | Reached skill level 2 in Necromancy
 15236 | Lair:2   | Reached skill level 3 in Necromancy
 15303 | Lair:2   | Reached skill level 4 in Necromancy
 15499 | Lair:2   | Reached skill level 5 in Necromancy
 15932 | Lair:2   | Noticed a five-headed hydra
 16116 | Lair:2   | Found a staircase to the Snake Pit.
 16122 | Lair:2   | Reached skill level 6 in Necromancy
 16238 | Lair:2   | You fall into a shaft and drop 2 floors!
 16271 | Lair:4   | Reached skill level 7 in Necromancy
 16390 | Lair:4   | Noticed a seven-headed hydra
 16412 | Lair:3   | Reached skill level 8 in Necromancy
 16817 | Lair:2   | Bought the ring of Hakoixza {Wiz Will+} for 681 gold pieces
 16817 | Lair:2   | Bought a +6 ring of intelligence for 576 gold pieces
 16830 | Lair:3   | Learned a level 5 spell: Borgnjor's Vile Clutch
 16947 | Lair:3   | Reached skill level 9 in Necromancy
 16954 | Lair:3   | Reached skill level 10 in Necromancy
 17101 | Lair:3   | Reached XP level 13. HP: 86/86 MP: 17/17
 17286 | Lair:3   | Reached skill level 3 in Spellcasting
 17412 | Lair:3   | Reached skill level 4 in Spellcasting
 17558 | Lair:3   | Found a staircase to the Swamp.
 18079 | Lair:2   | Reached skill level 5 in Spellcasting
 18346 | Lair:4   | You pick up a book of Spatial Translocations and begin
                  | reading...
 18529 | Lair:4   | Reached skill level 6 in Spellcasting
 18720 | Lair:4   | Reached skill level 7 in Spellcasting
 19526 | Lair:4   | Found a staircase to the Slime Pits.
 19858 | Lair:5   | Entered Level 5 of the Lair of Beasts
 20159 | Lair:5   | Reached skill level 8 in Fighting
 20159 | Lair:5   | Reached skill level 8 in Dodging
 20751 | Lair:5   | Reached skill level 9 in Fighting
 20751 | Lair:5   | Reached skill level 9 in Dodging
 20763 | Lair:5   | Reached XP level 14. HP: 97/97 MP: 4/24
 21686 | Lair:5   | Reached skill level 10 in Fighting
 21686 | Lair:5   | Reached skill level 10 in Dodging
 21710 | Lair:5   | Noticed Snorg
 21843 | Lair:5   | Killed Snorg
 23320 | Lair:5   | Reached skill level 11 in Fighting
 23320 | Lair:5   | Reached skill level 11 in Dodging
 23640 | Lair:5   | Identified the +9 hand axe of Fistro {venom, Drain rPois
                  | rC+++ rCorr}
 24075 | Orc:1    | Entered Level 1 of the Orcish Mines
 25063 | Orc:2    | Entered Level 2 of the Orcish Mines
 25592 | D:11     | Bought a manual of Conjurations for 1120 gold pieces
 25592 | D:11     | Bought a manual of Earth Magic for 1120 gold pieces
 25648 | Lair:2   | Bought a +6 ring of intelligence for 576 gold pieces
 26161 | Orc:2    | Reached skill level 12 in Fighting
 26161 | Orc:2    | Reached skill level 12 in Dodging
 26423 | Orc:2    | Found a staircase to the Elven Halls.
 26508 | Orc:2    | Reached XP level 15. HP: 108/108 MP: 25/25
 27221 | Orc:2    | Found Rollauk's Book Emporium.
 27224 | Orc:2    | Found Tihadwoos's Antique Armour Emporium.
 27225 | Orc:2    | Found Vaggufec's General Store.
 27228 | Orc:2    | Found Ikegisk's Armour Shoppe.
 27243 | Orc:2    | Reached skill level 11 in Conjurations
 27243 | Orc:2    | Reached skill level 11 in Earth Magic
 27849 | Orc:2    | Bought a book of the Earth for 540 gold pieces
 27849 | Orc:2    | You pick up a book of the Earth and begin reading...
 27849 | Orc:2    | You add the spells Leda's Liquefaction, Lee's Rapid
                  | Deconstruction and Statue Form to your library.
 28336 | D:12     | Reached skill level 2 in Transmutations
 28711 | D:12     | Noticed Psyche
 28718 | D:12     | Killed Psyche
 29065 | D:12     | Learned a level 2 spell: Blink
 29071 | D:12     | Learned a level 5 spell: Lee's Rapid Deconstruction
 29078 | D:12     | Learned a level 6 spell: Statue Form
 29534 | D:13     | Reached skill level 3 in Transmutations
 29586 | D:13     | Reached skill level 1 in Unarmed Combat
 29631 | D:13     | Reached skill level 2 in Unarmed Combat
 29733 | D:13     | Reached skill level 3 in Unarmed Combat
 29998 | D:13     | Reached skill level 12 in Conjurations
 30165 | D:13     | Reached skill level 12 in Earth Magic
 30216 | D:13     | Found a glowing silver altar of Zin.
 30656 | D:14     | Noticed Rupert
 30656 | D:14     | Found a gate to the Vaults.
 30739 | D:14     | Reached skill level 4 in Transmutations
 30820 | D:14     | Identified the +11 war axe of Charity {protect, Fly Stlth+}
 31084 | D:14     | Reached skill level 13 in Conjurations
 31113 | D:14     | Reached skill level 5 in Transmutations
 31113 | D:14     | Reached skill level 13 in Earth Magic
 31334 | D:14     | Noticed a storm dragon
 31334 | D:14     | Identified the +0 scale mail of Instinct {Harm Str+4}
 31365 | D:14     | HP: 35/140 [storm dragon (2)]
 31366 | D:14     | Killed a storm dragon
 31556 | D:14     | Reached XP level 16. HP: 114/114 MP: 26/26
 31683 | D:14     | Reached skill level 6 in Transmutations
 31838 | D:14     | Paralysed by Rupert for 2 turns
 31876 | D:14     | Reached skill level 14 in Conjurations
 31889 | D:14     | Reached skill level 14 in Earth Magic
 32201 | D:14     | Killed Rupert
 32337 | D:14     | Reached skill level 7 in Transmutations
 32425 | D:14     | You pick up a book of Chaos and begin reading...
 32425 | D:14     | You add the spells Conjure Ball Lightning, Disjunction and
                  | Discord to your library.
 32427 | D:14     | You pick up a book of Air and begin reading...
 32427 | D:14     | You add the spells Shock, Swiftness and Airstrike to your
                  | library.
 32713 | D:14     | Reached skill level 15 in Conjurations
 32905 | D:14     | Found Zacisuyff's Jewellery Emporium.
 32913 | D:14     | Bought the amulet of the Four Winds {rN+ Will+++ Clar} for
                  | 789 gold pieces
 32913 | D:14     | Found the amulet of the Four Winds {rN+ Will+++ Clar}
 32973 | D:14     | Found a glowing golden altar of the Shining One.
 32997 | D:15     | Entered Level 15 of the Dungeon
 33007 | D:15     | Reached skill level 15 in Earth Magic
 33016 | D:15     | Reached skill level 8 in Transmutations
 33449 | D:15     | Found a staircase to the Depths.
 33512 | D:15     | Identified the +0 robe "Fosaec Xogem" {+Blink rElec Will+}
 33536 | D:15     | Reached skill level 9 in Transmutations
 33603 | D:15     | Identified a scroll of acquirement
 34622 | Elf:1    | Entered Level 1 of the Elven Halls
 34633 | Elf:1    | Reached skill level 10 in Transmutations
 34641 | Elf:1    | Acquired 636 gold pieces
 34708 | Elf:1    | Found a flickering gateway to a bazaar.
 34713 | Bazaar   | Entered a bazaar
 34734 | Bazaar   | Found Arosuin's Weapon Emporium.
 34734 | Bazaar   | Found Routraum's Jewellery Shoppe.
 34750 | Bazaar   | Bought a ring of see invisible for 180 gold pieces
 34761 | Bazaar   | Found Bimolaugu's Assorted Antiques.
 34761 | Bazaar   | Found Quhaquq's Jewellery Shoppe.
 34772 | Bazaar   | Bought a twisted bronze amulet for 70 gold pieces
 34846 | Bazaar   | Bought a +6 ring of strength for 684 gold pieces
 34893 | Bazaar   | Bought a scroll of teleportation for 42 gold pieces
 34980 | Elf:1    | Paralysed by an air elemental for 1 turns
 34982 | Elf:1    | Paralysed by an air elemental for 1 turns
 34985 | Elf:1    | Paralysed by an air elemental for 1 turns
 35546 | Elf:1    | Noticed Aizul
 35575 | Elf:1    | Killed Aizul
 35576 | Elf:1    | Reached skill level 11 in Transmutations
 35743 | Elf:1    | Reached XP level 17. HP: 119/119 MP: 27/27
 36411 | Elf:1    | Reached skill level 12 in Transmutations
 36453 | Elf:1    | You add the spells Summon Ice Beast and Chain Lightning to
                  | your library.
 36453 | Elf:1    | Got Dispater's Compendium of Assembled Battling
 36924 | Elf:2    | Found a runed translucent gate.
 36925 | Elf:2    | Found a runed translucent gate.
 36925 | Elf:2    | Found a runed translucent gate.
 37092 | Elf:2    | Found a shimmering blue altar of Sif Muna.
 37255 | Elf:2    | Found Unyinamn's Mayhem Merchandise.
 37396 | Elf:2    | Reached skill level 13 in Transmutations
 38122 | Elf:2    | Noticed a deep elf blademaster
 38131 | Elf:2    | Killed a deep elf blademaster
 38132 | Elf:2    | Reached skill level 14 in Transmutations
 38136 | Elf:2    | HP: 21/119 [+0 war axe of flaming (11)]
 38136 | Elf:2    | HP: 3/119 [+0 dire flail of holy wrath (14)]
 38493 | Elf:2    | HP: 32/154 [+0 halberd of venom (10)]
 38497 | Elf:2    | HP: 9/154 [+0 halberd of venom (9)]
 38499 | Elf:2    | Killed from afar by a deep elf pyromancer

Vanquished Creatures
  Rupert (D:14)
  A deep elf blademaster (Elf:2)
  A storm dragon (D:14)
  A deep elf sorcerer (Elf:1)
  Aizul (Elf:1)
  Snorg (Lair:5)
  An ettin (D:14)
  A fire dragon (D:15)
  Josephine (D:11)
  2 rakshasas (D:14)
  Erolcha (D:11)
  2 ogre magi
  5 boulder beetles
  11 hydras
  2 catoblepae
  11 centaur warriors
  8 two-headed ogres
  A death knight (D:14)
  18 dancing weapons
  A deep troll shaman (Lair:5)
  8 death yaks
  8 deep elf knights
  4 orc high priests (Orc:2)
  Nergalle (D:11)
  4 skeletal warriors
  6 deep elf archers
  A deep troll (D:14)
  An obsidian statue (D:14)
  3 orc knights
  3 wizards
  A necromancer (D:15)
  An oklob plant (D:11)
  5 orc sorcerers
  16 deep elf zephyrmancers
  20 deep elf pyromancers
  4 manticores
  7 cyclopes
  21 ugly things
  4 black mambas
  A centaur zombie (D:15)
  A smoke demon (D:14)
  34 elephants
  10 cane toads
  A centaur skeleton (D:15)
  A torpor snail (Lair:5)
  An orange demon (D:14)
  2 gargoyles (D:14)
  2 unseen horrors
  2 rime drakes (shapeshifter) (D:15)
  2 rime drakes (Lair:5)
  2 kobold demonologists (D:9)
  A yaktaur (D:14)
  An ice devil (D:14)
  Psyche (D:12)
  A hellwing (D:14)
  A freezing wraith (D:14)
  3 efreet
  10 komodo dragons
  5 trolls
  A red devil (D:14)
  A queen bee (Orc:1)
  A meliai (D:14)
  A queen bee (shapeshifter) (D:13)
  6 polar bears
  A troll (shapeshifter) (D:12)
  A wolf spider simulacrum (D:14)
  A hornet (D:9)
  9 blink frogs
  15 slime creatures
  Sigmund (D:2)
  5 dream sheep (Lair:5)
  A shadow (D:12)
  A large abomination (D:14)
  7 wraiths
  A centaur simulacrum (D:15)
  3 water elementals
  3 air elementals (Elf:1)
  2 wyverns (Lair:5)
  Eustachio (D:5)
  A fire elemental (Elf:1)
  49 yaks
  2 basilisks
  16 humans (D:14)
  6 vampire mosquitoes (D:12)
  A steam dragon (D:6)
  A naga (Lair:2)
  An acid dragon (D:9)
  10 water moccasins
  Duvessa (D:7)
  20 orc warriors
  4 black bears
  7 ogres
  6 centaurs
  12 wolves
  A kobold brigand (D:9)
  A phantom (D:5)
  15 bullfrogs
  2 scorpions
  3 gnoll sergeants
  10 wights
  A necrophage (D:6)
  Dowan (D:7)
  27 killer bees
  12 howler monkeys
  8 electric eels
  A crimson imp (D:14)
  A hound (D:6)
  2 quasits (D:14)
  25 orc priests
  2 iguanas
  2 jellies
  2 iron imps (D:14)
  30 orc wizards
  A boggart simulacrum (D:14)
  15 gnolls
  5 adders
  A shadow imp (D:7)
  2 white imps (D:14)
  6 ufetubi
  3 worms
  5 dart slugs
  41 orcs
  6 bats
  4 endoplasms
  12 giant cockroaches
  5 goblins
  5 hobgoblins
  3 jackals (D:3)
  2 quokkas
  5 ball pythons
  3 frilled lizards
  8 kobolds
  3 rats
751 creatures vanquished.

Vanquished Creatures (collateral kills)
  A gnoll bouda (D:4)
  2 gnolls (D:4)
  A hobgoblin (D:4)
4 creatures vanquished.

Vanquished Creatures (others)
  3 deep elf pyromancers (Elf:1)
  24 fungi
  53 plants
80 creatures vanquished.

Grand Total: 835 creatures vanquished

Table legend:
 A = Non-vault XP
 B = Vault XP
 C = Vault XP percentage of total XP
 D = Non-vault monster count
 E = Vault monster count
 F = Vault count percentage of total count
                 A         B        C        D         E       F
            +---------+---------+-------+---------+---------+-------
      Total |  131189 |   88702 |  40.3 |     521 |     237 |  31.3
            +---------+---------+-------+---------+---------+-------
        D:1 |      17 |       0 |   0.0 |       9 |       0 |   0.0
        D:2 |      60 |     243 |  80.2 |      15 |       1 |   6.2
        D:3 |      58 |      20 |  25.6 |      23 |      10 |  30.3
        D:4 |     150 |       0 |   0.0 |      15 |       0 |   0.0
        D:5 |     714 |     202 |  22.1 |      19 |       1 |   5.0
        D:6 |    1174 |       0 |   0.0 |      20 |       0 |   0.0
        D:7 |     421 |     205 |  32.7 |       6 |       2 |  25.0
        D:8 |     694 |       0 |   0.0 |      12 |       0 |   0.0
        D:9 |    3666 |       0 |   0.0 |      34 |       0 |   0.0
       D:10 |    2367 |     198 |   7.7 |      18 |       1 |   5.3
       D:11 |    1223 |    3972 |  76.5 |      11 |       8 |  42.1
       D:12 |    7418 |     648 |   8.0 |      25 |       4 |  13.8
       D:13 |    8838 |       0 |   0.0 |      22 |       0 |   0.0
       D:14 |   13166 |   32749 |  71.3 |      26 |      69 |  72.6
       D:15 |   12029 |    4411 |  26.8 |      22 |       9 |  29.0
     Lair:1 |    4148 |       0 |   0.0 |      16 |       0 |   0.0
     Lair:2 |    4463 |     163 |   3.5 |      15 |       1 |   6.2
     Lair:3 |    7296 |     906 |  11.0 |      29 |       8 |  21.6
     Lair:4 |   12202 |     199 |   1.6 |      27 |       1 |   3.6
     Lair:5 |   20778 |   10563 |  33.7 |      60 |      22 |  26.8
      Orc:1 |    3502 |    1807 |  34.0 |      16 |      25 |  61.0
      Orc:2 |    4777 |    5516 |  53.6 |      44 |      38 |  46.3
      Elf:1 |   10175 |   11292 |  52.6 |      19 |      18 |  48.6
      Elf:2 |   11853 |   15608 |  56.8 |      18 |      19 |  51.4
            +---------+---------+-------+---------+---------+-------

Illustrated notes

Table legend:
 A = Kills in this place as a percentage of kills in entire the game.
 B = Kills by you in this place as a percentage of kills by you in the entire game.
 C = Kills by friends in this place as a percentage of kills by friends in the entire game.
 D = Other kills in this place as a percentage of other kills in the entire game.
 E = Experience gained in this place as a percentage of experience gained in the entire game.
 F = Experience gained in this place divided by the number of levels of this place that you have seen.
                   A       B       C       D       E      F
               +-------+-------+-------+-------+-------+----------------------
         Total | 100.0 | 100.0 | 100.0 | 100.0 | 100.0 | 8795.6
       Dungeon |  50.4 |  50.3 | 100.0 |   0.0 |  43.0 | 6309.5
          Lair |  23.6 |  23.8 |   0.0 |   0.0 |  27.6 | 12143.6
  Orcish Mines |  16.2 |  16.4 |   0.0 |   0.0 |   7.1 | 7801.0
   Elven Halls |   9.8 |   9.5 |   0.0 | 100.0 |  22.3 | 24464.0
               +-------+-------+-------+-------+-------+----------------------

Table legend: (Time is in decaauts)
 A = Elapsed time spent in this place.
 B = Non-inter-level travel time spent in this place.
 C = Inter-level travel time spent in this place.
 D = Time resting spent in this place.
 E = Time spent auto-exploring this place.
 F = Levels seen in this place.
 G = Mean time per level.
                   A        B        C        D        E       F      G
               +--------+--------+--------+--------+--------+-----+--------+
         Total |  40324 |  38029 |   2295 |  10190 |  19540 |  25 | 1613.0 |
       Dungeon |  21727 |  20132 |   1595 |   3921 |  11466 |  15 | 1448.5 |
          Lair |  10370 |   9977 |    393 |   3468 |   4657 |   5 | 2074.0 |
  Orcish Mines |   3654 |   3431 |    223 |   1444 |   1423 |   2 | 1827.0 |
   Elven Halls |   4321 |   4239 |     82 |   1320 |   1918 |   2 | 2160.5 |
        Bazaar |    251 |    251 |      0 |     37 |     76 |   1 |  251.0 |
               +--------+--------+--------+--------+--------+-----+--------+

Top non-repeatable levels by time:
  Lair:5: 3499 daAuts
    D:14: 3003 daAuts
   Orc:2: 2524 daAuts
  Lair:4: 2404 daAuts
   Elf:1: 2255 daAuts
   Elf:2: 2065 daAuts
    D:11: 1993 daAuts
     D:4: 1589 daAuts
  Lair:3: 1570 daAuts
  Lair:1: 1533 daAuts
    D:12: 1530 daAuts
    D:15: 1528 daAuts
    D:10: 1513 daAuts
    D:13: 1430 daAuts
     D:5: 1405 daAuts
